 Dungeon Crawl Stone Soup version 0.18-a0-1643-gb89d9db (webtiles) character file.

28 M4edhros the Shield-Bearer (level 3, 0/26 HPs)
             Began as an Octopode Fighter on Mar 29, 2016.
             Succumbed to an adder's poison
             ... on level 1 of the Dungeon.
             The game lasted 00:01:17 (1031 turns).

M4edhros the Shield-Bearer (Octopode Fighter)       Turns: 1031, Time: 00:01:18

Health: 0/26       AC:  1    Str: 15    XL:     3   Next: 14%
Magic:  3/3        EV: 10    Int: 10    God:
Gold:   51         SH:  9    Dex: 12    Spells: 0 memorised, 2 levels left

rFire  . . .     SeeInvis .     a - +0 trident
rCold  . . .     Gourm    .     b - +0 shield
rNeg   . . .     Faith    .     (helmet restricted)
rPois  .         Spirit   .     e - amulet of dismissal
rElec  .         Dismiss  +     (no ring)
rCorr  .         Reflect  .     (no ring)
SustAt .         Harm     .     (no ring)
MR     .....                    (no ring)
Stlth  +++.......               (no ring)
                                (no ring)
                                (no ring)
                                (no ring)

@: lethally poisoned (0 -> -1), flying, not resistant to hostile enchantments,
fairly stealthy
A: almost no armour, amphibious, 8 rings, constrict 8, camouflage 1, gelatinous
body 1
a: no special abilities


You were on level 1 of the Dungeon.
You were not hungry.

You visited 1 branch of the dungeon, and saw 2 of its levels.

You collected 51 gold pieces.

Inventory:

Hand Weapons
 a - a +0 trident (weapon)
 h - a +2 hunting sling of flaming
Missiles
 i - 5 stones (quivered)
Armour
 b - a +0 shield (worn)
Jewellery
 e - an amulet of dismissal (around mantle)
Scrolls
 g - a scroll of random uselessness
Potions
 c - 2 potions of might
Comestibles
 d - 2 bread rations
 f - a meat ration


   Skills:
 - Level 3.0 Fighting
 + Level 2.4 Polearms
 * Level 1.1 Slings
 + Level 3.1 Dodging
 + Level 1.1 Stealth
 + Level 3.4 Shields


You had 2 spell levels left.
You didn't know any spells.

Dungeon Overview and Level Annotations

Branches:
Dungeon (2/15)

Altars:


Innate Abilities, Weirdness & Mutations

You cannot wear most types of armour.
You are amphibious.
You can wear up to eight rings at the same time.
You can use your tentacles to constrict eight enemies at once.
Your skin changes colour to match your surroundings (Stealth).
Your rubbery body absorbs attacks (AC +1).


Message History

Your +2 hunting sling of flaming stops flaming.
a - a +0 trident (weapon)
You feel sick. The quokka bites you.
* * * LOW HITPOINT WARNING * * *
You hit the quokka.
You kill the quokka!
Drink which item? (? for menu, Esc to quit)
Okay, then.
There is a lethal amount of poison in your body!
There is a lethal amount of poison in your body!
There is a lethal amount of poison in your body!
* * * LOW HITPOINT WARNING * * *
You feel sick.
* * * LOW HITPOINT WARNING * * *
You feel sick.
* * * LOW HITPOINT WARNING * * *
You feel sick.
* * * LOW HITPOINT WARNING * * *
You feel sick.
You die...

#.##.##.≈≈.≈..
#.###.#..≈≈≈≈.
#.##...≈.≈≈≈≈.
#.###..≈≈≈≈≈≈≈ #.#
#.≈≈≈≈.≈≈≈
#.###.≈≈≈..≈≈.
#######.#..≈≈≈.≈<..≈
#.......#.#...≈..≈≈≈
#..@....#)#..≈≈≈.≈≈≈
#.......###.≈≈≈≈≈≈≈≈
#.......##...≈≈≈≈≈≈≈
#.......#≈.....≈≈≈≈.
#######.##.≈≈....≈..
#..#..≈≈.....#
#..##.≈≈...#.#
#..##.≈≈≈.####
#...#..≈.##.#.


There were no monsters in sight!

Vanquished Creatures
  3 giant geckos
  A giant cockroach (D:1)
  4 goblins
  2 hobgoblins
  3 jackals (D:1)
  A quokka (D:1)
  2 bats (D:1)
  A giant newt (D:1)
  4 kobolds
  3 rats (D:1)
24 creatures vanquished.

Notes
Turn   | Place    | Note
--------------------------------------------------------------
     0 | D:1      | M4edhros the Octopode Fighter began the quest for the Orb.
     0 | D:1      | Reached XP level 1. HP: 16/16 MP: 1/1
   473 | D:1      | Reached XP level 2. HP: 19/21 MP: 2/2
   725 | D:1      | Reached skill level 1 in Slings
   904 | D:1      | Reached skill level 1 in Stealth
   963 | D:2      | Reached XP level 3. HP: 26/26 MP: 3/3
  1027 | D:1      | HP: 1/26 [poisoned by an adder]
  1031 | D:1      | Succumbed to an adder's poison

Vault maps used:
D:1:      dpeg_arrival_subterranean_lakeside_camping

Skill      XL: |  1  2 |
---------------+-------+-----
Slings         | 1 |  1.1
Stealth        | 1 |  1.1
Fighting       | |  3.0
Polearms       | |  2.4
Dodging        | |  3.1
Shields        | |  3.4

Action                   || total
-------------------------++-------
Melee: Trident           ||    12
       Hunting sling     ||     1
 Fire: Hunting sling     ||    60
  Use: Scroll            ||     2
       Potion            ||     1
 Stab: Sleeping          ||     2
